 Dungeon Crawl Stone Soup version 0.19-a0-805-g0a78ef0 (webtiles) character file.

3430 AlphabetPasta the Carver (level 9, -3/62 (63) HPs)
             Began as a High Elf Berserker on June 27, 2016.
             Was an Elder of Trog.
             Slain by AlphabetPasta's ghost (11 damage)
             ... on level 8 of the Dungeon.
             The game lasted 00:33:42 (7191 turns).

AlphabetPasta the Carver (High Elf Berserker)       Turns: 7191, Time: 00:33:42

HP:   -3/62 (63)    AC: 13    Str: 24    XL:     9   Next: 76%
MP:   10/10         EV: 18    Int: 10    God:    Trog [****..]
Gold: 311           SH:  0    Dex: 22    Spells: 0 memorised, 8 levels left

rFire  . . .     SeeInvis .     c - +10 rapier of Qoileoc {pain, rC+ rN+}
rCold  + . .     Gourm    .     C - +0 plate armour
rNeg   + . .     Faith    .     (no shield)
rPois  .         Spirit   .     t - +0 helmet
rElec  .         Dismiss  .     (no cloak)
rCorr  .         Reflect  .     (no gloves)
SustAt .         Harm     .     (no boots)
MR     .....                    (no amulet)
Stlth  ..........               (no ring)
                                g - +2 ring of evasion

@: mighty, agile, very slightly contaminated, hasted, very quick, not resistant
to hostile enchantments, extremely unstealthy
A: no striking features
a: Berserk, Trog's Hand, Brothers in Arms, Burn Spellbooks, Renounce Religion


You were on level 8 of the Dungeon.
You worshipped Trog.
Trog was greatly pleased with you.
You were not hungry.

You visited 1 branch of the dungeon, and saw 8 of its levels.

You collected 411 gold pieces.
You spent 100 gold pieces at shops.

Inventory:

Hand Weapons
 a - a +0 falchion
 b - a -2 blowgun
 c - the +10 rapier of Qoileoc (weapon) {pain, rC+ rN+}
   (You found it on level 4 of the Dungeon)

   In the hands of one skilled in necromantic magic, it inflicts extra damage on
   living creatures.
   It protects you from cold.
   It protects you from negative energy.
 y - a +0 long sword
 G - a +3 scimitar
Missiles
 v - 14 poisoned needles
 x - 8 tomahawks (quivered)
Armour
 k - a +0 animal skin
 r - a +0 ring mail
 s - a +0 leather armour of cold resistance
 t - a +0 helmet (worn)
 C - a +0 plate armour (worn)
Jewellery
 g - a +2 ring of evasion (left hand)
 A - an uncursed ring of fire {unknown}
Wands
 f - a wand of slowing (26/48)
 u - a wand of random effects (48/48)
 F - a wand of paralysis (11/24)
Scrolls
 d - a scroll of fear
 e - 3 scrolls of teleportation
 m - 4 scrolls of remove curse
 w - 3 scrolls of enchant weapon
Potions
 h - 4 potions of curing
 l - a potion of haste
 n - a potion of agility
 o - a potion of magic
 q - a potion of invisibility
 z - a potion of brilliance {unknown}
 E - a potion of cancellation {unknown}
Comestibles
 i - 9 bread rations
 p - 2 fruits
 B - a meat ration
 D - 7 chunks of flesh


   Skills:
 + Level 6.4 Fighting
 * Level 10.4 Long Blades
 + Level 5.4 Throwing
 + Level 5.5 Armour
 + Level 6.3 Dodging


You had 8 spell levels left.
You didn't know any spells.

Dungeon Overview and Level Annotations

Branches:
Dungeon (8/15)             Temple (0/1) D:6
   Lair: D:8-11

Altars:
Ashenzari
Dithmenos
Gozag
Sif Muna
Trog
The Shining One

Shops:
D:4 !

Annotations:
D:8 AlphabetPasta's ghost, novice TrTm


Message History

You hear a bark!
You feel yourself speed up.
AlphabetPasta's ghost says, "I break bones and crack skulls... with my bare hands."
AlphabetPasta's ghost hits you.
* * * LOW HITPOINT WARNING * * *
You are very lightly contaminated with residual magic. 2 jackals and a player ghost come into view.
You feel agile all of a sudden.
AlphabetPasta's ghost barely misses you.
You puncture AlphabetPasta's ghost!
AlphabetPasta's ghost is severely damaged.
You closely miss AlphabetPasta's ghost.
AlphabetPasta's ghost is severely damaged.
AlphabetPasta's ghost misses you.
You puncture AlphabetPasta's ghost!
AlphabetPasta's ghost is severely damaged.
You hit AlphabetPasta's ghost.
AlphabetPasta's ghost is almost destroyed.
AlphabetPasta's ghost hits you!
You die...

#.# .. .. #.# ##.#
... #.# #.. #...
#.# #.##..#
##.###....# ##.
#..#....# ..%.
#....#.# .$...
##..##..####h.....
.....|.....@Wh#
#.........######
........####
..####### ##


You could see AlphabetPasta's ghost and 2 jackals.

Vanquished Creatures
  The ghost of TheGoonsmith the Frost Mage, a novice MfIE of Hepliaklqana (D:7)
  A spriggan (D:7)
  A phantom (D:6)
  An orc warrior (D:6)
  An ice beast (D:8)
  A sky beast (D:6)
  A necrophage (D:7)
  3 centaurs
  5 ogres
  5 giant frogs
  A scorpion (D:5)
  4 killer bees (D:7)
  4 wights (D:8)
  A howler monkey (D:6)
  2 crimson imps
  A giant frog zombie (D:6)
  A quasit (D:7)
  5 hounds
  4 orc wizards
  A giant frog skeleton (D:7)
  2 orc priests (D:6)
  Natasha (thrice) (D:4)
  6 worker ants
  A hound zombie (D:7)
  A hound skeleton (D:4)
  6 gnolls
  16 adders
  A shadow imp (D:7)
  An ooze (D:2)
  An adder zombie (D:8)
  2 worms
  4 dart slugs
  6 giant geckos
  9 orcs
  3 ball pythons
  4 bats
  5 giant cockroaches
  14 goblins
  10 hobgoblins
  8 jackals (D:2)
  A quokka (D:6)
  4 giant newts
  A jackal skeleton (D:6)
  10 kobolds
  5 rats
168 creatures vanquished.

Notes
Turn   | Place    | Note
--------------------------------------------------------------
     0 | D:1      | AlphabetPasta the High Elf Berserker began the quest for the Orb.
     0 | D:1      | Reached XP level 1. HP: 16/16 MP: 2/2
    51 | D:1      | Reached XP level 2. HP: 21/21 MP: 3/3
   119 | D:1      | Reached skill level 4 in Long Blades
   393 | D:1      | Reached ** piety under Trog
   396 | D:1      | Reached XP level 3. HP: 9/26 MP: 4/4
   732 | D:1      | Reached skill level 1 in Throwing
  1319 | D:2      | Found a glowing golden altar of the Shining One.
  1616 | D:2      | Reached XP level 4. HP: 15/31 MP: 5/5
  1791 | D:2      | Reached skill level 5 in Long Blades
  2253 | D:2      | Reached *** piety under Trog
  2295 | D:2      | Reached XP level 5. HP: 25/36 MP: 6/6
  3548 | D:4      | Found a deep blue altar of Sif Muna.
  3570 | D:4      | Noticed an ogre
  3584 | D:4      | Killed an ogre
  3584 | D:4      | Reached XP level 6. HP: 36/43 MP: 7/7
  3745 | D:4      | Got an iridescent rapier
  3746 | D:4      | Identified the +10 rapier of Qoileoc {pain, rC+ rN+} (You found it on level 4 of the Dungeon)
  3921 | D:4      | Found Debis's Distillery.
  3931 | D:4      | Bought a potion of haste for 100 gold pieces
  4044 | D:4      | Noticed Natasha
  4054 | D:4      | Killed Natasha
  4105 | D:4      | Reached skill level 6 in Long Blades
  4137 | D:4      | Reached **** piety under Trog
  4284 | D:4      | Noticed Natasha
  4292 | D:4      | Killed Natasha
  4534 | D:4      | Noticed Natasha
  4539 | D:4      | Killed Natasha
  4625 | D:5      | Entered Level 5 of the Dungeon
  4662 | D:5      | Reached XP level 7. HP: 47/48 MP: 8/8
  4771 | D:5      | Reached skill level 7 in Long Blades
  5761 | D:6      | Reached XP level 8. HP: 44/54 MP: 9/9
  5789 | D:6      | Found an opulent altar of Gozag.
  5790 | D:6      | Found a shattered altar of Ashenzari.
  5800 | D:6      | Reached skill level 5 in Fighting
  5814 | D:6      | Reached skill level 8 in Long Blades
  5818 | D:6      | Found a bloodstained altar of Trog.
  5937 | D:6      | Found a shadowy altar of Dithmenos.
  6014 | D:6      | Reached skill level 5 in Dodging
  6152 | D:6      | Found a staircase to the Ecumenical Temple.
  6212 | D:7      | Reached skill level 9 in Long Blades
  6332 | D:7      | Noticed TheGoonsmith's ghost (novice MfIE)
  6348 | D:6      | Reached XP level 9. HP: 39/62 MP: 10/10
  6681 | D:7      | Killed TheGoonsmith's ghost
  6885 | D:7      | Reached skill level 5 in Throwing
  6885 | D:7      | Reached skill level 5 in Armour
  6942 | D:7      | Reached skill level 10 in Long Blades
  7170 | D:8      | Noticed AlphabetPasta's ghost (novice TrTm)
  7191 | D:8      | Slain by AlphabetPasta's ghost

Vault maps used:
D:1:      dpeg_arrival_refuge
D:2:      tso_oasis_becter, minmay_randomly_rotated_circles
D:3:      first_bread
D:4:      nicolae_overflow_crystal_walls, serial_shops, nicolae_shop_crystal,
          uniq_natasha
D:5:      fountainhead
D:6:      grunt_temple_overflow_open, nicolae_dithmenos_the_darkroom
D:7:      the_bakery
D:8:      grunt_temple_overflow_order_and_chaos_2, david_lair_shrubbed,
          enter_bailey_3

Skill      XL: |  1  2  3  4  5  6  7  8  9 |
---------------+----------------------------+-----
Long Blades    | 4 5 6 7 9 10 | 10.4
Armour         | 2 3 4 5 |  5.5
Throwing       | 1 2 3 4 5 |  5.4
Dodging        | 3 4 5 6 |  6.3
Fighting       | 4 5 6 |  6.4

Action                   |  1- 3 |  4- 6 |  7- 9 || total
-------------------------+-------+-------+-------++-------
Melee: Falchion          |   113 |   177 |     1 ||   291
       Rapier            |       |    54 |   239 ||   293
 Fire: Blowgun           |       |     2 |     2 ||     4
Throw: Tomahawk          |       |       |     7 ||     7
Invok: Burn Spellbooks   |     1 |       |       ||     1
       Berserk           |       |     3 |     5 ||     8
       Trog's Hand       |       |       |     2 ||     2
  Use: Scroll            |       |    12 |     4 ||    16
       Potion            |       |       |     7 ||     7
 Stab: Sleeping          |     2 |       |     1 ||     3
  Eat: Royal jelly       |     1 |       |       ||     1
       Beef jerky        |     1 |       |       ||     1
       Chunk             |       |    12 |    13 ||    25
       Fruit             |       |       |     1 ||     1
Armor: Animal skin       |    15 |     3 |       ||    18
       Leather armour    |       |    36 |    14 ||    50
       Plate armour      |       |       |    57 ||    57
Dodge: Dodged            |    59 |   146 |   134 ||   339
